cohdb
Replays
Latest Replays
All Replays
Popular Replays
Top Player Replays
Match Explorer
How It Works
Community
CoH3 Stats
Reddit
Sign in to upload your games and track your stats! →
Sign in with Steam
Match 45355064
Unlisted
Match 45355064
Overview
Messages
Build Orders
End
Selects Australian Defense Battlegroup
Selects Australian Light Infantry Section
Australian Light Infantry Section
Construct Section Command Post
Dingo Light Scout Car
Australian Light Infantry Section
Australian Light Infantry Section
Construct Platoon Command Post
Unlock M3 Stuart Light Tanks
M3 Stuart Light Tank
M3 Stuart Light Tank
Light Vehicle Training
Selects 2-pounder Anti-tank Gun Team
Selects Vehicle Over Repair
M3 Stuart Light Tank
M3 Stuart Light Tank
M3 Stuart Light Tank
M3 Stuart Light Tank
Royal Engineer Section
M3 Stuart Light Tank
Construct Company Command Post
NotQuiteAKing
P3prime
Tony Horton Pro Skater
daspoulos
0
0
Comments
sign in to comment!
No comments posted yet!